Cogmind - Beta 16.1 *** ADVENTURER MODE // 2026.03.10 @ 19:34:59 Player: gaery Result: Self-destructed Performance ------------- Evolutions (2) 1000 Regions Visited (3) 600 Robots Destroyed (95) 475 Value Destroyed (2296) 2296 Prototype IDs (10) 200 Alien Tech Used (0) 0 Bonus (61) 61 TOTAL SCORE: 4632 Bonus ------- High Alert Combat Kills 61 Cogmind --------- Core Integrity 279/550 Matter 118/300 Energy 72/100 System Corruption 13% Temperature Cool (18) Movement Core (300) Ox5 Location -8/Materials Parts ------- > --- POWER (1) -------- (None) > --- PROPULSION (2) --- (None) > --- UTILITY (6) ------ Medium Storage Unit Improved Light Armor Plating > --- WEAPON (2) ------- Field Laser Mini Grenade Launcher > --- INVENTORY (10) --- Heavy Ion Engine Light Deuterium Engine Nuclear Core Titanium Leg Titanium Leg Improved Heat Sink Field Laser Improved Assault Rifle Gauss Rifle Peak State ------------ > --- POWER ------------ Heavy Ion Engine > --- PROPULSION ------- Improved Aluminum Leg Carbon-fiber Leg > --- UTILITY ---------- Medium Storage Unit Sensor Array Advanced Targeting Computer Target Analyzer Improved Light Armor Plating Hacking Suite > --- WEAPON ----------- Field Laser Gauss Rifle > --- INVENTORY -------- Heavy Ion Engine Light Deuterium Engine Nuclear Core Titanium Leg Titanium Leg Improved Heat Sink Improved Light Armor Plating Heavy EM Shotgun Improved Assault Rifle Mini Grenade Launcher [Rating: 32] Favorites ----------- Power Ion Engine Engine Ion Engine Propulsion Improved Aluminum Leg Leg Improved Aluminum Leg Utility Medium Storage Unit Device Sensor Array Storage Medium Storage Unit Processor Targeting Computer Hackware Hacking Suite Protection Improved Light Armor Plating Weapon Medium Laser Energy Gun Medium Laser Ballistic Gun Gauss Rifle Launcher Mini Grenade Launcher Build | -11 -10 -9 -8 ------- Run | Yrd Mat Mat Mat Slots Evolved 4 | . . 2 2 Power . | . . . . Propulsion . | . . . . Utility 4 | . . 2 2 Weapon . | . . . . Parts Attached 45 | 7 4 17 17 Power 3 | 1 . 2 . Engine 3 | 1 . 2 . Core . | . . . . Reactor . | . . . . Propulsion 14 | 2 . 6 6 Treads . | . . . . Leg 14 | 2 . 6 6 Wheel . | . . . . Hover . | . . . . Flight . | . . . . Utility 13 | 1 3 3 6 Device 3 | . 2 . 1 Storage 2 | 1 1 . . Processor 4 | . . 2 2 Hackware 1 | . . . 1 Protection 3 | . . 1 2 Artifact . | . . . . Weapon 15 | 3 1 6 5 Energy Gun 7 | 2 . 2 3 Energy Cannon . | . . . . Ballistic Gun 5 | 1 . 3 1 Ballistic Cannon . | . . . . Launcher 3 | . 1 1 1 Special Weapon . | . . . . Impact Weapon . | . . . . Slashing Weapon . | . . . . Piercing Weapon . | . . . . Special Melee Weapon . | . . . . Unidentified Prototypes 4 | . . 3 1 Parts Lost 15 | . . 5 10 Power 3 | . . 2 1 Propulsion 4 | . . 2 2 Utility 7 | . . 1 6 Weapon 1 | . . . 1 Highest Loss Streak 6 | . . 2 6 To Critical Strikes . | . . . . Average Backups 9 | 2 8 9 9 Power 2 | . 1 2 2 Propulsion 1 | . . . 1 Utility 2 | . 3 3 1 Weapon 3 | 1 2 2 3 Tool/Special . | . . . . Unused Backups 11 | . 2 3 6 Power 5 | . 1 . 4 Propulsion 2 | . . 1 1 Utility 4 | . 1 2 1 Weapon . | . . . . Tool/Special . | . . . . Average Slot Usage (%) 97 | . 96 98 97 Engine 10 | . 14 10 8 Leg 20 | . 27 21 17 Device 8 | . 10 7 8 Storage 10 | . 14 11 9 Processor 17 | . . 21 18 Hackware 3 | . . . 8 Protection 5 | . . 2 8 Energy Gun 11 | . 17 12 8 Ballistic Gun 8 | . 6 8 8 Launcher 1 | . 4 1 . Peak Build Rating 32 | 6 9 16 32 Average Rating 19 | 4 8 13 28 On Entrance 7 | . 6 8 16 Avg Prop Armor Cover (%) 8 | . . 8 . Naked Turns . | . . . . Heaviest Build 29 | 13 21 26 29 Greatest Support 30 | 20 20 26 30 Greatest Overweight (x) 6 | 1 1 6 1 Average Overweight (x) . | . . . . Largest Inventory Capacity 10 | 8 10 10 10 Average Capacity 9 | 7 9 10 10 Most Carried 10 | 6 10 10 10 Average Carried 9 | 2 8 9 9 Final Capacity 10 | 8 10 10 10 Final Carried 10 | 2 10 8 9 Class Distribution -------------------- 58% | Mutant 41% | Hacker-Mutant Dominant Class ---------------- Mutant | -10/Materials Mutant | -9/Materials Hacker-Mutant | -8/Materials Resources | -11 -10 -9 -8 ----------- Run | Yrd Mat Mat Mat Matter Collected 1714 | 200 134 824 556 Remotely . | . . . . Salvage Created 3062 | . 256 1604 1202 Parts 216 | . 19 114 83 Haulers Intercepted 9 | . 1 4 4 Recyclers Shooed 7 | . . 1 6 Parts Field Recycled . | . . . . Retrieved Matter . | . . . . Parts Self-Destructed . | . . . . Prevented . | . . . . Parts Restored . | . . . . Kills | -11 -10 -9 -8 ------- Run | Yrd Mat Mat Mat Combat Hostiles Destroyed 63 | . 4 38 21 Guns 41 | . 1 22 18 AOE 22 | . 3 16 3 Classes Destroyed 10 | . 6 3 1 Worker 6 | . 1 4 1 Builder 5 | . 1 3 1 Hauler 9 | . 1 4 4 Recycler 5 | . 1 2 2 Operator 2 | . . 1 1 Watcher 5 | . 1 4 . Swarmer 20 | . . 14 6 Grunt 24 | . 4 15 5 Sentry 16 | . . 9 7 Hunter 3 | . . . 3 Best Kill Streak 15 | . 5 15 10 Combat Bots Only 7 | . 2 6 7 Max Kills in Single Turn 3 | . 3 3 1 Gunslinging . | . . . . Exploded 3 | . 2 3 1 Melee . | . . . . Uniques/NPCs Destroyed . | . . . . Combat | -11 -10 -9 -8 -------- Run | Yrd Mat Mat Mat Hostile Shots Fired 310 | . 5 175 130 Missed 91 | . 1 57 33 Hits 219 | . 4 118 97 Projectile 219 | . 4 118 97 Critical Strikes 8 | . . 2 6 Part Disruptions 1 | . . 1 . Damage Taken 3069 | . 35 1186 1848 Core 480 | . 8 201 271 Absorbed by Shields . | . . . . Ignored by Resistances 690 | . 11 350 329 Regen/Repaired (Parts) 19 | . . 19 . Core Remaining (%) 81 | 100 96 49 . Volleys Fired 213 | . 14 103 96 Largest 2 | . 2 2 2 Hottest 101 | . 100 101 93 Shots Fired 402 | . 22 198 182 Gun 354 | . 14 174 166 Cannon . | . . . . Launcher 48 | . 8 24 16 Special . | . . . . Kinetic 165 | . 3 71 91 Thermal 186 | . 11 100 75 Explosive 48 | . 8 24 16 Electromagnetic 3 | . . 3 . Robot Hit Streak 42 | . 8 42 24 Robot Miss Streak 3 | . 1 3 2 Penetration Max . | . . . . Secondary Targets 4 | . . 1 3 Max Gunslinging Chain 1 | . . 1 1 Shots Hit Robots 246 | . 9 125 112 Core Hits 150 | 1 14 79 56 Critical Kills 1 | . . . 1 Critical Parts Destroyed 2 | . . . 2 Critical Strikes 14 | . 1 5 8 Burn 11 | . 1 5 5 Destroy 3 | . . . 3 Melee Attacks . | . . . . Impact . | . . . . Slashing . | . . . . Piercing . | . . . . Sneak Attacks . | . . . . Combat Hostiles . | . . . . Follow-up Attacks . | . . . . Damage Inflicted 6364 | 10 421 3492 2441 Guns 3805 | . 90 1873 1842 Cannons . | . . . . Explosions 2408 | . 323 1581 504 Melee . | . . . . Ramming 151 | 10 8 38 95 Kinetic 1736 | . 29 737 970 Thermal 2086 | . 61 1153 872 Explosive 2311 | . 323 1484 504 Electromagnetic 80 | . . 80 . Impact . | . . . . Slashing . | . . . . Piercing . | . . . . Highest Corruption 8 | . . 2 8 Average Corruption 2 | . . 1 7 Corruption Purged . | . . . . Corruption Blocked . | . . . . Effects 14 | . . 13 1 Message Errors 5 | . . 4 1 Matter Fused 1 | . . 1 . Heat Flow Errors 1 | . . 1 . Energy Discharges 1 | . . 1 . Parts Fused 2 | . . 2 . Data Loss (minor) 2 | . . 2 . Alerts 1 | . . 1 . Weapon Failures 1 | . . 1 . Overload Shots . | . . . . Overflow Damage 71 | . 6 65 . Projectiles . | . . . . Explosions 65 | . . 65 . Melee 6 | . 6 . . Knockbacks 5 | . 1 1 3 Impact 5 | . 1 1 3 Kinetic . | . . . . Secondary . | . . . . Self-Inflicted Damage 151 | . . 54 97 Shots 9 | . . 2 7 Rammed . | . . . . Targets Rammed 34 | 2 1 10 21 Kicked 34 | 2 1 10 21 Crushed . | . . . . Highest Temperature 354 | . 78 354 285 Average Temperature 60 | . 34 48 76 Received Heat Transfer 1008 | . 27 495 486 Effects 5 | . . 5 . Interference 5 | . . 5 . Siege Activations . | . . . . Martial Activations . | . . . . Shielding Activations . | . . . . Robots Disrupted 1 | . . 1 . Combat Hostiles 1 | . . 1 . Robots Corrupted 1 | . 1 . . Combat Hostiles . | . . . . Parts Fried 2 | . 2 . . Impact Corruptions 1 | . 1 . . Robots Melted . | . . . . Combat Hostiles . | . . . . Parts Melted 11 | . . 6 5 Heat Transferred 5859 | . 259 3343 2257 Parts Sabotaged . | . . . . Parts Stolen . | . . . . Parts Stripped . | . . . . Power Chain Reactions 1 | . . 1 . Alert | -11 -10 -9 -8 ------- Run | Yrd Mat Mat Mat Maximum Alert Level 2 | . . 2 1 Low Security (%) 81 | 100 100 62 93 Level 1 8 | . . 14 6 Level 2 9 | . . 22 . Level 3 . | . . . . Level 4 . | . . . . Level 5 . | . . . . High Security . | . . . . Max Security . | . . . . Peak Influence 477 | . 87 477 227 Initial 127 | . . . 127 Average 120 | . 34 198 76 Influence Increases 2155 | . 208 1274 673 Destroy 0b10 Robot/C 1260 | . 80 760 420 Destroy 0b10 Robot/NC 160 | . 25 90 45 Destroy Leader 368 | . 14 216 138 Successful Hack 42 | . 7 23 12 Disable Machine 99 | . 27 54 18 Destroy Structure 226 | . 55 131 40 Influence Decreases 2152 | . 208 920 1024 Entered New Map 227 | . . . 227 Time Decay 1647 | . 208 870 569 Lost Part 130 | . . 50 80 Purge Threat 148 | . . . 148 Squads Dispatched 12 | . . 7 5 Investigation 4 | . . 3 1 Extermination . | . . . . Reinforcement 4 | . . 3 1 Assault 1 | . . 1 . Garrison 3 | . . . 3 Intercept . | . . . . Searches Triggered . | . . . . Construction Impeded 1 | . . 1 . Haulers Reinforced . | . . . . Active Scanning Responses . | . . . . Cargo Convoy Interrupts . | . . . . Stealth | -11 -10 -9 -8 --------- Run | Yrd Mat Mat Mat Distress Signals 8 | . 1 3 4 Communications Jammed . | . . . . Distress Signals . | . . . . Times Spotted 85 | . 6 49 30 Peak Tracking Total 6 | . 4 5 6 Tactical Retreats . | . . . . Traps | -11 -10 -9 -8 ------- Run | Yrd Mat Mat Mat Traps Triggered 5 | . 1 3 1 Indirectly . | . . . . Trap Hack Attempts . | . . . . Triggered . | . . . . Disarmed . | . . . . Reprogrammed . | . . . . Reused . | . . . . Traps Extracted . | . . . . Installed . | . . . . Triggered . | . . . . Machines | -11 -10 -9 -8 ---------- Run | Yrd Mat Mat Mat Machines Disabled 11 | . 3 6 2 Max in Single Turn 3 | . 2 3 1 Machines Repaired . | . . . . Machines Dismantled . | . . . . Machines Sabotaged . | . . . . Overloaded Fab Kills . | . . . . Hacking | -11 -10 -9 -8 --------- Run | Yrd Mat Mat Mat Machines Accessed 21 | . 5 8 8 Terminals 16 | . 5 6 5 Fabricators . | . . . . Repair Stations 1 | . . 1 . Recycling Units . | . . . . Scanalyzers 3 | . . 1 2 Garrison Access 1 | . . . 1 Total Hacks 57 | . 10 22 25 Successful 38 | . 7 12 19 Failed 19 | . 3 10 6 Catastrophic . | . . . . Database Lockouts . | . . . . Manual 16 | . 4 5 7 Terminals 42 | . 10 17 15 Fabricators . | . . . . Repair Stations 3 | . . 3 . Recycling Units . | . . . . Scanalyzers 9 | . . 2 7 Garrison Access 3 | . . . 3 Terminal Hacks 25 | . 7 8 10 Robot Analysis 1 | . . . 1 Prototype ID Bank 4 | . 2 1 1 Level Access Points 1 | . 1 . . Emergency Access Points 1 | . 1 . . Alert Level 3 | . 1 1 1 Unreport Threat 1 | . . . 1 Locate Traps 2 | . . 1 1 Dispatch Records 1 | . . . 1 Maintenance Status 1 | . . 1 . Transport Status 2 | . . 1 1 Assault Status 1 | . . . 1 Hauler Manifests 3 | . 1 1 1 Registered Components 3 | . 1 1 1 Zone Layout 1 | . . 1 . Fabricator Hacks . | . . . . Repair Station Hacks 2 | . . 2 . Scan Component 1 | . . 1 . Repair 1 | . . 1 . Recycling Unit Hacks . | . . . . Scanalyzer 9 | . . 2 7 Insert Component 3 | . . 1 2 Analyze 4 | . . 1 3 Retrieve Study 2 | . . . 2 Garrison Access Hacks 2 | . . . 2 Unlock Access 1 | . . . 1 Coupler Status 1 | . . . 1 Unauthorized Hacks . | . . . . Terminals . | . . . . Fabricators . | . . . . Repair Stations . | . . . . Recycling Units . | . . . . Scanalyzers . | . . . . Garrison Access . | . . . . Data Cores Recovered . | . . . . Used . | . . . . Hacking Detections 17 | . 4 7 6 Full Trace Events 3 | . . 2 1 Feedback Events . | . . . . Feedback Blocked . | . . . . Robot Schematics Acquired . | . . . . Robots Built . | . . . . Authchips . | . . . . Time . | . . . . Total Robot Build Rating . | . . . . Part Schematics Acquired 3 | . . 1 2 Parts Built . | . . . . Authchips . | . . . . Time . | . . . . Total Part Build Rating . | . . . . Part Studies Acquired 2 | . . . 2 Parts Repaired 1 | . . 1 . Time 32 | . . 32 . Parts Recycled . | . . . . Recycled Matter . | . . . . Retrieved Matter . | . . . . Retrieved Components . | . . . . Parts Scanalyzed 3 | . . 1 2 Part Schematics Acquired 3 | . . 1 2 Parts Damaged . | . . . . Bothacking | -11 -10 -9 -8 ------------ Run | Yrd Mat Mat Mat Used RIF Installer . | . . . . Robots Hacked . | . . . . Non-combat . | . . . . Combat . | . . . . Robot Hacks Applied . | . . . . Relay Couplers Released . | . . . . Fabnet Peak Effective % . | . . . . Robots Rewired . | . . . . Allies Hacked . | . . . . Hacks Repelled . | . . . . Allies | -11 -10 -9 -8 -------- Run | Yrd Mat Mat Mat Total Allies . | . . . . Largest Group . | . . . . Highest-Rated Group . | . . . . Highest-Rated Ally . | . . . . Total Orders . | . . . . Ally Attacks . | . . . . Total Damage . | . . . . Kills . | . . . . Allies Corrupted . | . . . . Allies Melted . | . . . . Intel | -11 -10 -9 -8 ------- Run | Yrd Mat Mat Mat Active Infowar (turns) 3223 | . 249 1228 1746 Sensors 3223 | . 249 1228 1746 Robot Analysis Total 1 | . . . 1 Derelict Logs Recovered . | . . . . Drone Launches . | . . . . Drone Recoveries . | . . . . Exploration | -11 -10 -9 -8 ------------- Run | Yrd Mat Mat Mat Turns Passed 4228 | 72 501 1753 1902 Spaces Moved 2257 | 51 339 978 889 Core 19 | 18 . 1 . Treads . | . . . . Legs 2238 | 33 339 977 889 Wheels . | . . . . Hover . | . . . . Flight . | . . . . Fastest Speed 50 | 50 120 120 117 Average Speed 148 | 108 129 135 171 Slowest Speed 350 | 120 190 350 190 Overloaded Moves . | . . . . Propulsion Burnouts . | . . . . Robots Hopped . | . . . . Potential Cave-ins . | . . . . Cave-ins Triggered 3 | . . . 3 Exploration Rate (%) 49 | 5 59 81 54 Regions Visited 3 Branch Regions . Pre-discovered Areas . | . . . . Known Exits Taken 2 | . 1 1 . Unknown Exits Taken 1 | 1 . . . Scrap Searched . | . . . . Spaces Dug 28 | . 18 10 . Terrain Destroyed 282 | . 55 144 83 Melee . | . . . . Projectile 2 | . . . 2 AOE 280 | . 55 144 81 Terrain Rammed . | . . . . Walls Destroyed . | . . . . Machines Disabled . | . . . . Actions | -11 -10 -9 -8 --------- Run | Yrd Mat Mat Mat Total 2735 | 67 378 1213 1077 Wait 59 | . 1 44 14 Move 2254 | 50 338 977 889 Hop . | . . . . Pick Up 66 | 8 13 25 20 Fast Attach . | . . . . Attach 32 | 6 2 14 10 Detach 1 | . . 1 . Swap 43 | 1 6 20 16 Drop 33 | . 3 19 11 Fire 213 | . 14 103 96 Melee . | . . . . Ram . | . . . . Kick 34 | 2 1 10 21 Crush . | . . . . Escape Stasis . | . . . . Rewire . | . . . . Trap . | . . . . Miscellaneous . | . . . . Route ------- -11/Scrapyard -10/Materials (discovered 5 exits: *Mat x3 / [*Min x2]) -9/Materials (discovered 4 exits: *Mat x2 / *Min x2) -8/Materials (discovered 3 exits: [*Fac x2] / Gar) History --------- Turn | Location | Event 18 | -11/Scrapyard | Discovered new exit (range 16) 73 | -11/Scrapyard | Entered Materials 152 | -10/Materials | Discovered new exit (range 15) 174 | -10/Materials | Discovered new exit (range 15) 317 | -10/Materials | Build established: Mutant 502 | -10/Materials | Discovered new exit (range 15) 517 | -10/Materials | Identified exit to Materials 574 | -10/Materials | Entered another Materials area 574 | -9/Materials | Evolved 2 slots: Utility x2 824 | -9/Materials | Discovered new exit (range 7) 883 | -9/Materials | Identified exit to Mines 1085 | -9/Materials | Discovered new exit (range 16) 1398 | -9/Materials | Discovered exit to Mines (range 13) 1722 | -9/Materials | Repaired Mni. Grenade Launcher 2161 | -9/Materials | Discovered new exit (range 16) 2174 | -9/Materials | First assault squad dispatched 2196 | -9/Materials | Core integrity fell below 50% 2325 | -9/Materials | Identified exit to Materials 2327 | -9/Materials | Entered another Materials area 2327 | -8/Materials | Evolved 2 slots: Utility x2 2667 | -8/Materials | Destroyed 7 combat bots 2698 | -8/Materials | Build established: Hacker-Mutant 2917 | -8/Materials | Discovered new exit (range 4) 3449 | -8/Materials | Discovered new exit (range 15) 4111 | -8/Materials | Identified exit to Garrison 4144 | -8/Materials | Crushed by falling debris 4164 | -8/Materials | Crushed by falling debris 4195 | -8/Materials | Lost 6 parts (1p1n4u) 4229 | -8/Materials | Crushed by falling debris 4229 | -8/Materials | System corruption reached 10% 4229 | -8/Materials | Self-destructed Last Messages --------------- Slug penetrates Y-45 Defender. Y-45 Defender suffers critical hit (Burn). Y-45 Defender destroyed. The unstable cave ceiling collapses. Slug penetrates Garrison Access. The unstable cave ceiling collapses. Z8HJWJHW= EZ,2BBGTZMVU U-05 Engineer builds a Wall. U-05 Engineer lays Concrete. U-05 Engineer builds a Door. U-05 Engineer builds a Wall. The unstable cave ceiling collapses. U-05 Engineer lays Concrete. U-05 Engineer builds a Door. The unstable cave ceiling collapses. Crushed by falling debris. Carbon-fiber Leg destroyed. System corrupted by crushing effect (+4). Target Analyzer destroyed. System corrupted by crushing effect (+1). Map ----- +----------------------------------------------------+ | ???????????????????????????????????????????????? | | ???????????????????????????????????????????????? | | ???????????????????????????????????????????????? | | ???????????????????????????????????????????????? | | ???????????????????????????????????????????????? | | ???????????????????????????????????????????????? | | ???????????????????????????????????????????????? | | ???????????????????????????????????????????????? | | ???????????????????????????????????????????##### | | ????????????????????????????????????######## # | | ????????????????????????????????????# # # | | ????????????????????????????????????# ] # # | | ????????????????????????????????????# + # | | ????????????????????????????????????# # # | | ????????????????????????????????????# # # | | ????????????????????????????????????# # # | | ??????????????????????????############+##### # | | ??????????????????????????# ]! [ ## #???# # | | ?????????????????????????## ] ## #???# # | | ?????????????????????????# ## ##### + | | ?????????????????????????## # # | | ??????????????????????????# """ """ + # | | ???????????????????######## """ """ # # | | ?????????????????### # """ """ # #### # | | ??????????????##### # # #??# # | | ??????????????# @ ######### #??# # | | ??????????????# % = #???# #??# # | | ??????????????# = * #???# #??# # | | ??????????????# """ %+ T ^ ^ #??# # | | ??????????????## # "G>= # ##### #??# # | | ???????????????# # """ # u #???# #??# # | | ???????????????##### ###+###???# #??# # | | ???????????????????#;######?????????# #??# # | | ???????????????????# #??????????????# #??# # | | ???????????????????# #??????????????# #??# # | | ???????????????????# #??????????????? #??# # | | ???????????????????# #??????????????? #??# # | | ???????????????????# #????????????????# #??# # | | ???????????????????# #????????????????# #??# # | | ???????????????????# #????????????????# #??# # | | ???????????????????# #????????????????# #??# # | | ???????????????????# #????????????????# #??# # | | ???????????????????# #????????????????# #??# # | | ????################ ##################=#??# # | | ????# *%[#??# # | | ????# ############## ##################+#### # | | ????# #????????????# #???????????# # # | | ????#=#????????????# ########????# ! # *# | | ????#=#????????????# ## #????# """ # = | | ????#=#????????????# ## "" ###??# """""%%+ | +----------------------------------------------------+ Best States ------------- Heat Dissipation 31 Energy Generation 14 Energy Capacity 280 Matter Stores 300 Matter Capacity 300 Sight Range 16 Robot Scan Range 14 Terrain Scan Density 10 Armor Coverage 150 Resistance: KI 20 Resistance: TH 20 Resistance: EX 20 Resistance: EM 20 Resistance: I 20 Resistance: S 20 Resistance: P 20 Evasion (%) 55 Targeting Accuracy 8 Target Analysis 5 Offensive Hacking 20 Item Schematics ----------------- Aluminum Leg | -9/Materials | Scanalyzed Titanium Leg | -8/Materials | Scanalyzed Imp. Light Armor Plating | -8/Materials | Scanalyzed Robot Schematics ------------------ None Fabricated ------------ Nothing Repaired ---------- Mni. Grenade Launcher | 62% | -9/Materials Studied --------- Titanium Leg | -8/Materials | Hacked Mni. Grenade Launcher | -8/Materials | Hacked Alien Tech Used ----------------- None Achievements -------------- Remodeling Resistances Are Futile Unlikely Earthworm Challenges ------------ None Game ------ Seed HardcellMicroDeflector Manual? 0 Play Time 00:56:02 Cumulative 15.9 hours Start 2026.03.10 @ 18:35:29 End 2026.03.10 @ 19:34:59 Sessions 1 Manual Loads 0 Difficulty Adventurer Special Mode None Game No. 8 Rogue 0 Adventurer 8 Explorer 0 Win Type - Total 0 Types 0/0/0/0/0/0/0/0/0/0 Lore% 4 Gallery% 14 Achievement% 14 Wizard Run 0 Options --------- Layout 1 ASCII 0 Keyboard 0 Movement Numpad Keybinds 0 Fullscreen 2 Font 32/SmallcapsGlow Map View 50x35 Zoom Use 0% Tactical HUD 0 Map Filters NONE Filters NONE Steam 1 RUN: 5340c6eb-dde8-4de1-b0ba-fa36c15f9cca